 Dungeon Crawl Stone Soup version 0.19-a0-981-gaae9137 (webtiles) character file.

7090 inmateoo the Cleaver (level 10, -5/90 HPs)
             Began as a Red Draconian Berserker on July 14, 2016.
             Was a High Priest of Trog.
             Slain by a manticore (8 damage)
             ... on level 10 of the Dungeon.
             The game lasted 00:13:31 (10302 turns).

inmateoo the Cleaver (Red Draconian Berserker)     Turns: 10302, Time: 00:13:32

Health: -5/90      AC:  8    Str: 22    XL:     10   Next: 84%
Magic:  10/10      EV: 16    Int:  8    God:    Trog [*****.]
Gold:   566        SH:  0    Dex: 11    Spells: 0 memorised, 9 levels left

rFire  + . .     SeeInvis .     p - +0 war axe
rCold  + + +     Gourm    .     (armour unavailable)
rNeg   . . .     Faith    .     (no shield)
rPois  .         Spirit   .     (helmet restricted)
rElec  +         Dismiss  .     r - +0 cloak
rCorr  .         Reflect  .     (no gloves)
SustAt .         Harm     .     (no boots)
MR     .....                    (no amulet)
Stlth  +.........               i - ring of protection from cold
                                h - ring of protection from cold

@: not resistant to hostile enchantments, very unstealthy
A: breathe fire, unfitting armour, horns 1, cold resistance 1, fire resistance
1, electricity resistance, cold-blooded, AC +7
a: Breathe Fire, Berserk, Trog's Hand, Brothers in Arms, Burn Spellbooks,
Renounce Religion


You were on level 10 of the Dungeon.
You worshipped Trog.
Trog was extremely pleased with you.
You were hungry.

You visited 1 branch of the dungeon, and saw 10 of its levels.

You collected 566 gold pieces.

Inventory:

Hand Weapons
 a - a +0 hand axe
 p - a +0 war axe (weapon)
 s - a +1 flail of protection
Armour
 r - a +0 cloak (worn)
Jewellery
 h - a ring of protection from cold (left hand)
 i - a ring of protection from cold (right hand)
Wands
 m - a wand of lightning (0/15)
 F - a wand of lightning (3/15)
Scrolls
 c - 4 scrolls of magic mapping {unknown}
 e - 3 scrolls of fog {unknown}
 g - 8 scrolls of identify
 j - a scroll of immolation {unknown}
 l - 5 scrolls of amnesia {unknown}
 n - 4 scrolls of enchant weapon {unknown}
 q - 5 scrolls of fear {unknown}
 t - 4 scrolls of teleportation {unknown}
 u - 3 scrolls of recharging {unknown}
 v - 10 scrolls of remove curse {unknown}
 w - a scroll of summoning {unknown}
 E - 2 scrolls of noise {unknown}
Potions
 d - a potion of might
 k - 2 potions of brilliance
 o - 3 potions of curing
 x - 2 potions of flight
 z - a potion of heal wounds
 B - a potion of berserk rage
 C - a potion of invisibility
Books
 y - a book of Party Tricks

   Spells                             Type                      Level
   a - Summon Butterflies             Summoning                    1
   b - Apportation                    Translocation                1
   c - Tukima's Dance                 Hexes                        3
   d - Alistair's Intoxication        Transmutation/Poison         5
   e - Invisibility                   Hexes                        6
   Trog disapproves of the use of such an item.
Comestibles
 b - 8 bread rations
 D - 3 beef jerkies


   Skills:
 + Level 8.4 Fighting
 * Level 11.8 Axes
 + Level 9.4 Dodging


You had 9 spell levels left.
You didn't know any spells.

Dungeon Overview and Level Annotations

Branches:
Dungeon (10/15)            Temple (0/1) D:6            Lair (0/6) D:8
    Orc (0/2) D:9

Altars:
Ashenzari
Dithmenos
Pakellas
Vehumet
Xom
Zin
The Shining One

Shops:
D:10 *


Innate Abilities, Weirdness & Mutations

You can breathe blasts of fire.
Your fiery red scales are hard. (AC +7)
Your body does not fit into most forms of armour.
Your flesh is heat resistant. (rF+)
You are cold-blooded and may be slowed by cold attacks.
You have a pair of small horns on your head.
Your flesh is cold resistant. (rC+)
You are resistant to electric shocks. (rElec)


Message History

The manticore closely misses you.
The manticore claws you but does no damage.
You barely miss the manticore.
The manticore is almost dead.
The manticore completely misses you.
The manticore claws you but does no damage.
The manticore completely misses you.
You barely miss the manticore.
You headbutt the manticore, but do no damage.
The manticore is almost dead.
The manticore misses you.
The manticore claws you but does no damage.
The manticore claws you.
* * * LOW HITPOINT WARNING * * *
You hit the manticore.
The manticore is almost dead.
The manticore bites you.
* * * LOW HITPOINT WARNING * * *
The manticore claws you!
You die...

#....#.#≈≈≈≈≈≈≈≈≈##.
#..#...≈≈≈≈≈≈≈≈≈≈≈#.
#....#.≈≈≈≈≈≈≈≈≈≈≈#.
#...#..≈≈≈≈.♣.≈≈≈≈..
##..##.≈≈≈♣...♣≈≈≈##
#####.##...≈≈≈..∩.♣≈≈≈#
.......###.≈≈≈♣.>.♣≈≈≈#
#.....H.#.#≈≈≈≈♣♣♣≈≈≈≈
#.##. #@.##≈≈≈≈≈≈≈≈≈≈≈
# # #.## ≈≈≈≈≈≈≈≈≈≈≈
#.# #≈≈≈≈≈≈≈≈≈. #.#
#...## ..# ...# .##
...# ?. ..


You could see a manticore.

Vanquished Creatures
  The ghost of Gagarin the Blocker, a novice FoFi of the Shining One (D:10)
  A manticore (D:9)
  The ghost of sefie the Slasher, a novice HaFi (D:6)
  A troll (D:9)
  Grinder (D:5)
  Prince Ribbit (D:6)
  2 wyverns
  3 yaks (D:8)
  2 hungry ghosts
  2 hippogriffs
  Edmund (D:5)
  4 orc warriors
  A wasp (D:9)
  An ice beast (D:7)
  A sky beast (D:6)
  5 ogres
  A black bear (D:7)
  2 phantoms
  3 centaurs
  A big kobold (D:8)
  4 giant frogs
  2 water moccasin zombies
  A scorpion (D:8)
  5 killer bees (D:8)
  4 howler monkeys
  4 crimson imps
  2 quasits
  5 hounds
  Crazy Yiuf (D:6)
  6 orc priests
  5 orc wizards
  A centaur skeleton (D:9)
  5 iguanas
  8 worker ants
  2 hound zombies
  Robin (D:2)
  A worker ant zombie (D:8)
  13 adders
  2 shadow imps
  2 oozes
  4 worms
  6 giant geckos
  32 orcs
  9 giant cockroaches
  11 goblins
  12 hobgoblins
  14 jackals
  3 quokkas (D:2)
  3 ball pythons
  3 bats
  A giant gecko skeleton (D:4)
  4 giant newts
  12 kobolds
  A quokka skeleton (D:7)
  16 rats
  A bush (D:8)
241 creatures vanquished.

Notes
Turn   | Place    | Note
-------+----------+-------------------------------------------
     0 | D:1      | inmateoo the Draconian Berserker began the quest for the Orb.
     0 | D:1      | Reached XP level 1. HP: 19/19 MP: 1/1
   101 | D:2      | Reached XP level 2. HP: 12/26 MP: 2/2
   190 | D:1      | You fall through a shaft!
   282 | D:2      | Reached XP level 3. HP: 13/33 MP: 3/3
   458 | D:3      | Reached ** piety under Trog
   610 | D:2      | Found a glowing golden altar of the Shining One.
   640 | D:2      | Reached XP level 4. HP: 17/40 MP: 4/4
   839 | D:2      | Reached skill level 4 in Axes
   848 | D:2      | Noticed Robin
   857 | D:2      | Killed Robin
  1358 | D:3      | Reached *** piety under Trog
  1376 | D:3      | Reached XP level 5. HP: 27/46 MP: 5/5
  1772 | D:3      | Reached skill level 5 in Axes
  1985 | D:4      | Reached XP level 6. HP: 49/53 MP: 6/6
  2067 | D:4      | You fall through a shaft!
  2067 | D:5      | Entered Level 5 of the Dungeon
  2162 | D:5      | Noticed Grinder
  2166 | D:5      | Paralysed by Grinder for 5 turns
  2188 | D:5      | Killed Grinder
  2188 | D:5      | Reached skill level 6 in Axes
  2188 | D:5      | Reached skill level 5 in Dodging
  2188 | D:5      | Your scales start taking on a fiery red colour.
  2188 | D:5      | Reached XP level 7. HP: 13/60 MP: 7/7
  2188 | D:5      | Gained mutation: Your flesh is heat resistant. (rF+) [Red Draconian growth]
  2233 | D:5      | Noticed Edmund
  2256 | D:5      | Killed Edmund
  2452 | D:5      | Reached skill level 5 in Fighting
  2613 | D:5      | Reached **** piety under Trog
  2784 | D:5      | Reached skill level 7 in Axes
  2893 | D:5      | Reached XP level 8. HP: 58/68 MP: 8/8
  2977 | D:6      | Noticed sefie's ghost (novice HaFi)
  3216 | D:6      | HP: 1/69 [sky beast (6)]
  3232 | D:5      | Gained mutation: You are resistant to electric shocks. (rElec) [mutagenic meat]
  3235 | D:5      | Gained mutation: Your flesh is cold resistant. (rC+) [mutagenic meat]
  3238 | D:5      | Gained mutation: You have a pair of small horns on your head. [mutagenic meat]
  3696 | D:6      | Reached skill level 8 in Axes
  3807 | D:6      | Killed sefie's ghost
  4190 | D:6      | Found a shadowy altar of Dithmenos.
  4222 | D:6      | Found a staircase to the Ecumenical Temple.
  4252 | D:6      | Noticed Prince Ribbit
  4361 | D:6      | Found a runed door.
  4410 | D:6      | Noticed Crazy Yiuf
  4414 | D:6      | Paralysed by Crazy Yiuf for 2 turns
  4416 | D:6      | Killed Crazy Yiuf
  4831 | D:4      | Reached XP level 9. HP: 70/75 MP: 9/9
  4842 | D:4      | Found a shattered altar of Ashenzari.
  4868 | D:4      | Reached skill level 9 in Axes
  5837 | D:6      | Killed Prince Ribbit
  6713 | D:7      | Reached ***** piety under Trog
  6889 | D:7      | Reached skill level 10 in Axes
  7730 | D:8      | HP: 2/79 [orc warrior/flail (17)]
  8088 | D:8      | Reached XP level 10. HP: 8/86 MP: 10/10
  8088 | D:8      | HP: 6/129 [killer bee (1)]
  8093 | D:8      | HP: 3/129 [poisoned by a killer bee]
  8471 | D:8      | Found a staircase to the Lair.
  8816 | D:8      | Reached skill level 11 in Axes
  9152 | D:9      | Found a staircase to the Orcish Mines.
  9245 | D:9      | Noticed a manticore
  9257 | D:9      | Killed a manticore
  9824 | D:9      | Found an oddly glowing altar of Pakellas.
  9912 | D:9      | Found a shimmering altar of Xom.
  9918 | D:9      | Found a glowing silver altar of Zin.
  9919 | D:9      | Found a radiant altar of Vehumet.
 10128 | D:10     | Entered Level 10 of the Dungeon
 10173 | D:10     | Noticed Gagarin's ghost (novice FoFi)
 10202 | D:10     | Killed Gagarin's ghost
 10275 | D:10     | Found Biboom's Island Escapes.
 10291 | D:10     | Noticed a manticore
 10302 | D:10     | HP: 3/90 [manticore (6)]
 10302 | D:10     | Slain by a manticore

Vault maps used:
D:1:      dpeg_arrival_ratfight, serial_glass, glass_columns_b, glass_columns_a,
          minivault_19
D:2:      old_standard_altar, uniq_robin
D:3:      kennysheep_nub, serial_bayou_pond_b, minmay_misc_feat_ornament
D:4:      first_bread, evilmike_ruin_ashenzari
D:5:      serial_park_tiny_2, uniq_grinder, uniq_edmund
D:6:      grunt_dithmenos_smoke, uniq_prince_ribbit1, uniq_crazy_yiuf_cottage
D:7:      grunt_ogre_cave, minmay_misc_feat_columns
D:8:      lair_0_dummy, kb_lookout_dungeons_type
D:9:      minitemple, lemuel_doored_altar, orc_0_dummy
D:10:     hangedman_decor_riveting, nicolae_island_escapes

Skill      XL: |  1  2  3  4  5  6  7  8  9 10 |
---------------+-------------------------------+-----
Dodging        | 3 4 5 6 8 9 |  9.4
Axes           | 4 5 6 7 8 10 11 | 11.8
Fighting       | 4 5 6 7 8 |  8.4

Action                   |  1- 3 |  4- 6 |  7- 9 | 10-12 || total
-------------------------+-------+-------+-------+-------++-------
Melee: Hand axe          |   105 |    45 |       |       ||   150
       Tailslap          |     7 |    19 |    64 |    34 ||   124
       War axe           |       |   102 |   448 |   194 ||   744
       Headbutt          |       |       |    59 |    39 ||    98
Invok: Berserk           |     1 |     2 |     3 |     2 ||     8
       Trog's Hand       |       |       |     1 |     3 ||     4
       Brothers in Arms  |       |       |       |     1 ||     1
 Abil: Breathe Fire      |       |       |     6 |       ||     6
Evoke: Wand              |       |     1 |     2 |       ||     3
  Use: Scroll            |       |       |       |     7 ||     7
       Potion            |       |       |       |     2 ||     2
 Stab: Sleeping          |     1 |     1 |     4 |       ||     6
  Eat: Chunk             |       |     7 |    19 |     6 ||    32
       Meat ration       |       |       |     1 |     1 ||     2
       Beef jerky        |       |       |     2 |     3 ||     5
       Pizza             |       |       |     1 |       ||     1
Armor: Skin              |    26 |    35 |   114 |    58 ||   233
Dodge: Dodged            |    78 |   116 |   312 |   183 ||   689
